 Dungeon Crawl Stone Soup version 0.25-a0-930-g9f5dfa9815 (webtiles) character file.

Game seed: 18323006526274825017, levelgen mode: deterministic

12460 mortelune the Archer (level 11, 101/101 (102) HPs)
             Began as a Centaur Hunter on May 3, 2020.
             Was an Elder of Okawaru.
             Quit the game on level 1 of the Lair of Beasts.
             The game lasted 00:38:08 (17843 turns).

mortelune the Archer (Centaur Hunter)              Turns: 17843, Time: 00:38:08

HP:   101/101 (102) AC: 13    Str: 23    XL:     11   Next: 62%
MP:   11/11         EV:  6    Int: 10    God:    Okawaru [****..]
Gold: 629           SH:  0    Dex:  9    Spells: 10/10 levels left

rFire    . . .     SeeInvis .   a - +2 shortbow
rCold    . . .     Gourm    .   (shield currently unavailable)
rNeg     + . .     Faith    .   L - +4 chain mail {rN+}
rPois    .         Spirit   .   (helmet restricted)
rElec    .         Reflect  .   R - scarf {repulsion}
rCorr    .         Harm     .   (no gloves)
MR       +....                  (no barding)
Stlth    ..........             (no amulet)
HPRegen  0.26/turn              M - ring of protection from magic
MPRegen  0.12/turn              y - +2 ring of strength

@: repel missiles, very quick
A: large, antennae 1, hooves 3, icy blue scales 1, blurry vision 1, deformed
body, speed 2, mutation resistance 1, strong 1, tough skin 3
a: Heroism, Renounce Religion


You were on level 1 of the Lair of Beasts.
You worshipped Okawaru.
Okawaru was greatly pleased with you.
You were not hungry.

You visited 3 branches of the dungeon, and saw 13 of its levels.

You collected 629 gold pieces.

Inventory:

Hand Weapons
 a - a +2 shortbow (weapon)
 b - a +1 vorpal spear
 h - a +0 short sword
 i - a +0 trident
 q - the +4 long sword of Raut {holy, rPois rF+ Str+3}
   (You found it on level 10 of the Dungeon)

   It has been blessed by the Shining One to cause great damage to the undead
   and demons.
   It affects your strength (+3).
   It protects you from fire.
   It protects you from poison.
 s - a +0 double sword
 z - a +0 spear
Missiles
 Q - 152 arrows (quivered)
Armour
 c - a +0 leather armour
 d - a +0 scale mail
 g - a +0 chain mail
 K - the +2 robe of Robiu {Dex+4}
   (You found it on level 7 of the Dungeon)

   It affects your dexterity (+4).
 L - a +4 chain mail of positive energy (worn)
 P - a +0 helmet
 R - a scarf of repulsion (worn)
Jewellery
 m - an uncursed ring of protection from magic
 y - a +2 ring of strength (right hand)
 M - a ring of protection from magic (left hand)
 T - a +4 ring of protection
Wands
 r - a wand of random effects (15)
 E - a wand of acid (10)
 F - a wand of polymorph (16)
 H - a wand of iceblast (7)
Scrolls
 e - 2 scrolls of fear
 o - 8 scrolls of enchant weapon
 p - a scroll of enchant armour
 t - 4 scrolls of teleportation
 w - 5 scrolls of amnesia
 x - a scroll of vulnerability
 B - a scroll of blinking
 O - 2 scrolls of noise
 S - 4 scrolls of remove curse
Potions
 j - 6 potions of heal wounds
 k - a potion of magic
 l - a potion of resistance
 n - a potion of flight
 u - 4 potions of stabbing
 v - 5 potions of degeneration
 A - 5 potions of lignification
 C - 3 potions of haste
 D - a potion of cancellation {unknown}
 G - 4 potions of curing
 I - a potion of ambrosia {unknown}
 J - a potion of brilliance {unknown}
Miscellaneous
 N - 2 phantom mirrors
Comestibles
 f - 14 rations


   Skills:
 + Level 11.0 Fighting
 + Level 9.9 Polearms
 + Level 14.4 Bows
 - Level 1.3 Dodging
 - Level 0.4 Stealth


You had 10 spell levels left.
You didn't know any spells.
Your spell library contained the following spells:

 Spells                   Type           Power        Failure   Level  Hunger
 Animate Skeleton         Necr           N/A          98%         1    ##.....
 Apportation              Tloc           #.....       98%         1    ##.....
 Beastly Appendage        Tmut           #.....       98%         1    ##.....
 Corona                   Hex            #......      98%         1    ##.....
 Sandblast                Erth           #.....       98%         1    ##.....
 Summon Small Mammal      Summ           #...         98%         1    ##.....
 Passwall                 Tmut/Erth      #.......     99%         2    ###....
 Sticks to Snakes         Tmut           #.......     99%         2    ###....
 Spider Form              Tmut/Pois      #.........   100%        3    ####...
 Stone Arrow              Conj/Erth      #.....       100%        3    ####...
 Ice Form                 Ice/Tmut       #.......     100%        4    #####..
 Petrify                  Tmut/Erth      #.......     100%        4    #####..
 Blade Hands              Tmut           #.........   100%        5    ######.
 Lee's Rapid Deconstruct  Erth           #.........   100%        5    ######.


Dungeon Overview and Level Annotations

Branches:
Dungeon (11/15)            Temple (1/1) D:5            Lair (1/6) D:9
    Orc: D:9-12

Altars:
Ashenzari
Cheibriados
Dithmenos
Elyvilon
Fedhas
Gozag
Hepliaklqana
Kikubaaqudgha
Makhleb
Nemelex Xobeh
Okawaru
Qazlal
Ru
Sif Muna
Trog
Uskayaw
Vehumet
Wu Jian
Xom
Yredelemnul
Zin
The Shining One

Shops:
D:11 %


Innate Abilities, Weirdness & Mutations

You have hooves in place of feet.
Armour fits poorly on your strangely shaped body.
You cover ground very quickly.
You have extremely tough skin. (AC +3)
You have a pair of small antennae on your head.
You are partially covered in icy blue scales. (AC +2)
Scrolls take you a little longer to read.
You are somewhat resistant to further mutation.
Your muscles are strong. (Str +2)


Message History

Firing (i - inventory)
Q - 154 arrows (quivered)
Press: ? - help, Shift-Dir - straight line, f/p - scorpion
Aim: a scorpion (severely wounded)
You shoot an arrow. The arrow barely misses the scorpion.
Firing (i - inventory)
Q - 153 arrows (quivered)
Press: ? - help, Shift-Dir - straight line, f/p - scorpion
Aim: a scorpion (severely wounded)
You shoot an arrow. The arrow hits the scorpion!
You kill the scorpion!
Okawaru accepts your kill.
No target in view!
No target in view!
j - 6 potions of heal wounds (gained 1)
Okay, then.
You see here a helmet.
P - a helmet
Okay, then.
Drop what? 46/52 slots (_ for help) (? for menu, Esc to quit)
Okay, then.
Are you sure you want to abandon this character and quit the game? (Confirm with "yes".)

...........#######P
##.####.##.# ##
#........#.##......
+........#.##......
#
#........#.........
#.
#........#.##......
#..#..........#
......
#...........P.#
.....
#..#.@......#.#
#P.# #.
#(########.#####..#
# ... .............
..(.. .............
##.(..
....>........ #....
............. #....
..............
#..#.
.#.##..........
.......#....##.##


There were no monsters in sight!

Vanquished Creatures
  2 two-headed ogres
  An unseen horror (D:11)
  4 lindwurms (D:10)
  An ugly thing (D:11)
  A cyclops (D:11)
  A kobold demonologist (D:11)
  4 blink frogs (Lair:1)
  3 hippogriffs
  A meliai zombie (D:11)
  Sigmund (D:5)
  A wraith (D:11)
  3 yaks (D:10)
  Menkaure (D:6)
  A porcupine (Lair:1)
  2 water moccasins
  2 sky beasts
  2 orc warriors
  2 black bears
  2 phantoms
  8 necrophages
  5 ogres
  3 centaurs
  A crocodile (Lair:1)
  A big kobold (D:11)
  5 bullfrogs
  A wyvern skeleton (D:10)
  A scorpion (Lair:1)
  5 killer bees (D:8)
  11 wights
  A howler monkey (D:10)
  2 electric eels (D:9)
  7 crimson imps
  3 bullfrog zombies
  9 hounds
  6 orc priests
  3 bullfrog skeletons
  2 jellies
  11 orc wizards
  Jessica (D:2)
  Terence (D:2)
  An iguana (D:9)
  7 worker ants
  A hound skeleton (D:10)
  A worker ant zombie (D:11)
  6 gnolls
  A howler monkey skeleton (D:9)
  13 adders
  A shadow imp (D:11)
  3 adder skeletons
  2 worms
  2 dart slugs
  6 leopard geckos
  30 orcs
  5 giant cockroaches
  5 hobgoblins
  7 jackals
  7 quokkas
  4 ball pythons
  13 bats
  5 frilled lizards
  6 goblins
  A jackal skeleton (D:9)
  10 kobolds
  11 rats
  A spectral orc (D:6)
271 creatures vanquished.

Vanquished Creatures (others)
  A fungus (Lair:1)
  A plant (D:5)
2 creatures vanquished.

Grand Total: 273 creatures vanquished

Notes
Turn   | Place    | Note
-------+----------+-------------------------------------------
     0 | D:1      | mortelune the Centaur Hunter began the quest for the Orb.
     0 | D:1      | Reached XP level 1. HP: 17/17 MP: 1/1
    32 | D:1      | Reached XP level 2. HP: 21/25 MP: 2/2
   490 | D:1      | Reached XP level 3. HP: 18/30 MP: 3/3
   888 | D:1      | Reached skill level 6 in Bows
  1094 | D:2      | Reached skill level 1 in Polearms
  1152 | D:2      | Noticed Jessica
  1166 | D:2      | Killed Jessica
  1166 | D:2      | Reached XP level 4. HP: 19/38 MP: 4/4
  1451 | D:2      | Found a white marble altar of Elyvilon.
  1678 | D:2      | Noticed Terence
  1692 | D:2      | Killed Terence
  2087 | D:3      | Found a shimmering blue altar of Sif Muna.
  2156 | D:3      | Reached XP level 5. HP: 31/45 MP: 5/5
  2395 | D:3      | Reached skill level 7 in Bows
  2881 | D:3      | Found a snail-covered altar of Cheibriados.
  2889 | D:3      | Reached XP level 6. HP: 46/52 MP: 6/6
  4901 | D:5      | Entered Level 5 of the Dungeon
  4973 | D:5      | Reached XP level 7. HP: 60/60 MP: 7/7
  5018 | D:5      | Reached skill level 8 in Bows
  5166 | D:5      | Reached skill level 5 in Fighting
  5386 | D:5      | Noticed Sigmund
  5419 | D:5      | Found a glowing golden altar of the Shining One.
  5630 | D:5      | Killed Sigmund
  5880 | D:5      | Reached XP level 8. HP: 70/70 MP: 8/8
  6006 | D:5      | Reached skill level 9 in Bows
  6125 | D:5      | Found a staircase to the Ecumenical Temple.
  6925 | D:6      | Noticed Menkaure
  7334 | D:6      | Killed Menkaure
  7438 | D:6      | Reached skill level 5 in Polearms
  7766 | D:6      | Found a basalt altar of Yredelemnul.
  8119 | D:7      | Reached skill level 10 in Bows
  8515 | D:7      | Got a crude robe
  8526 | D:7      | Identified the +2 robe of Robiu {Dex+4} (You found it on
                  | level 7 of the Dungeon)
  8884 | D:8      | Reached XP level 9. HP: 78/79 MP: 9/9
  9132 | D:8      | Found a hazy altar of Hepliaklqana.
  9133 | D:8      | Found a shimmering altar of Xom.
  9134 | D:8      | Noticed a spectral ugly thing
  9518 | D:8      | Reached skill level 11 in Bows
 10657 | D:9      | Found a bloodstained altar of Trog.
 10660 | D:9      | Found an ancient bone altar of Kikubaaqudgha.
 11610 | D:9      | Found a staircase to the Lair.
 11782 | D:10     | Entered Level 10 of the Dungeon
 11795 | D:10     | Found the +5 robe of Misfortune {*Contam Harm *Corrode
                  | *Drain *Slow EV+5}
 11868 | D:10     | Noticed a lindwurm
 11868 | D:10     | Noticed a lindwurm
 11870 | D:10     | Noticed a lindwurm
 11874 | D:10     | Noticed a lindwurm
 12221 | D:9      | Reached skill level 12 in Bows
 12221 | D:9      | Reached XP level 10. HP: 72/88 MP: 10/10
 12350 | D:10     | Killed a lindwurm
 12536 | D:10     | Gained mutation: You are frail. (-10% HP) [mutagenic glow]
 12691 | Temple   | Entered the Ecumenical Temple
 12785 | Temple   | Became a worshipper of Warmaster Okawaru
 13313 | D:10     | Killed a lindwurm
 13316 | D:10     | HP: 3/79 [lindwurm/blast of flame (37)]
 13860 | D:10     | Reached * piety under Okawaru
 14392 | D:10     | Lost mutation: You are frail. (-10% HP) [potion of
                  | mutation]
 14392 | D:10     | Gained mutation: Scrolls take you a little longer to read.
                  | [potion of mutation]
 14392 | D:10     | Gained mutation: You are partially covered in icy blue
                  | scales. (AC +2) [potion of mutation]
 14393 | D:10     | Lost mutation: Scrolls take you a little longer to read.
                  | [potion of mutation]
 14393 | D:10     | Gained mutation: You have a pair of small antennae on your
                  | head. [potion of mutation]
 14393 | D:10     | Gained mutation: Scrolls take you a little longer to read.
                  | [potion of mutation]
 14393 | D:10     | Gained mutation: You are somewhat resistant to further
                  | mutation. [potion of mutation]
 14393 | D:10     | Gained mutation: Your muscles are strong. (Str +2) [potion
                  | of mutation]
 14544 | D:10     | Killed a lindwurm
 14544 | D:10     | Reached ** piety under Okawaru
 14544 | D:10     | Reached skill level 13 in Bows
 14852 | D:10     | Killed a lindwurm
 15003 | D:10     | Noticed a two-headed ogre
 15053 | D:10     | Killed a two-headed ogre
 15053 | D:10     | Reached skill level 10 in Fighting
 15422 | D:10     | Got a slimy long sword
 15423 | D:10     | Identified the +4 long sword of Raut {holy, rPois rF+
                  | Str+3} (You found it on level 10 of the Dungeon)
 15563 | D:11     | Reached XP level 11. HP: 96/99 MP: 11/11
 15609 | D:11     | Noticed a two-headed ogre
 15615 | D:11     | Killed a two-headed ogre
 15615 | D:11     | Reached *** piety under Okawaru
 15768 | D:11     | Noticed a brown ugly thing
 15812 | D:11     | Killed a brown ugly thing
 15812 | D:11     | Received a gift from Okawaru
 16357 | D:11     | Found Soadiwyunn's Food Shoppe.
 16408 | D:11     | Reached skill level 14 in Bows
 16471 | D:11     | Killed an unseen horror
 16471 | D:11     | Received a gift from Okawaru
 16967 | D:11     | Upgraded the game from 0.25-a0-890-g62861fb195 to
                  | 0.25-a0-930-g9f5dfa9815
 17190 | Lair:1   | Entered Level 1 of the Lair of Beasts
 17448 | Lair:1   | Reached **** piety under Okawaru
 17502 | Lair:1   | Received a gift from Okawaru
 17843 | Lair:1   | Quit the game

Levels and vault maps discovered:
D:1:      wander_arrival_chamber, layout_basic, chequers_serial_rivers_small_3,
          minmay_misc_feat_roman, minmay_box_of_dots
D:2:      layout_loops_ring, elyvilon_altar_4, first_ration,
          minmay_pentomino_pile, uniq_terence, uniq_jessica
D:3:      layout_loops_ring, nicolae_overflow_crystal_walls, lemuel_round_altar
D:4:      layout_loops_corners, st_stairs_9
D:5:      layout_loops_ring, lemuel_crystal_altar, minmay_temple_entry_fiery,
          saegor_snake_ambush, uniq_sigmund
D:6:      layout_cave_pods, yredelemnul_forgotten_temple_becter, uniq_menkaure
D:7:      layout_basic
D:8:      layout_loops_ring, regret_index_temple_of_mockery
D:9:      layout_basic, nicolae_overflow_hidden_temple, dpeg_oklobed_lair,
          serial_bayou, serial_bayou_crossing, serial_bayou_lagoon_a,
          serial_bayou_pond_e, serial_bayou_pond_a
D:10:     layout_roguey, grunt_ogre_cave, minmay_lindwurm_lava
D:11:     layout_roguey, serial_shops, shop_statue, serial_undead,
          serial_undead_d, serial_undead_c, serial_undead_a, serial_undead_b
Temple:   cyrus_circular_temple
Lair:1:   layout_regular_city, gammafunk_ghost_icy, serial_bayou_shore_a

Skill      XL: |  1  2  3  4  5  6  7  8  9 10 11 |
---------------+----------------------------------+-----
Bows           | 6 7 8 10 12 13 14 | 14.4
Polearms       | 1 2 3 4 5 7 8 9 |  9.9
Fighting       | 3 4 5 7 8 10 11 | 11.0
Dodging        | |  1.3
Stealth        | |  0.4

Action                   |  1- 3 |  4- 6 |  7- 9 | 10-12 || total
-------------------------+-------+-------+-------+-------++-------
Melee: Spear             |    80 |   161 |    75 |   181 ||   497
       Kick              |    11 |    26 |    24 |    73 ||   134
       Shortbow          |       |       |     1 |       ||     1
       Long sword        |       |       |       |    14 ||    14
 Fire: Shortbow          |    32 |   111 |   462 |   311 ||   916
Invok: Heroism           |       |       |       |     2 ||     2
  Use: Scroll            |       |       |    10 |     9 ||    19
       Potion            |       |       |       |     7 ||     7
  Eat: Chunk             |       |     9 |    12 |     9 ||    30
       Ration            |       |       |     2 |     2 ||     4
Armor: Leather armour    |     4 |       |       |       ||     4
       Scale mail        |    39 |       |       |       ||    39
       Chain mail        |     9 |    93 |    49 |   113 ||   264
       Robe              |       |       |    39 |    15 ||    54
Dodge: Dodged            |    47 |    35 |    69 |    70 ||   221
       Repelled          |       |       |     2 |     6 ||     8
       Rpst.: Long sword |       |       |       |     3 ||     3

Table legend:
 A = Non-vault XP
 B = Vault XP
 C = Vault XP percentage of total XP
 D = Non-vault monster count
 E = Vault monster count
 F = Vault count percentage of total count
                 A         B        C        D         E       F
            +---------+---------+-------+---------+---------+-------
      Total |   12648 |    5152 |  28.9 |     231 |      40 |  14.8
            +---------+---------+-------+---------+---------+-------
        D:1 |      42 |      10 |  19.2 |      25 |       5 |  16.7
        D:2 |      39 |      83 |  68.0 |      11 |       9 |  45.0
        D:3 |     212 |      36 |  14.5 |      38 |       1 |   2.6
        D:4 |     289 |       0 |   0.0 |      10 |       0 |   0.0
        D:5 |     544 |     264 |  32.7 |      15 |       6 |  28.6
        D:6 |     582 |     173 |  22.9 |       7 |       2 |  22.2
        D:7 |     469 |       0 |   0.0 |      13 |       0 |   0.0
        D:8 |    1512 |       0 |   0.0 |      30 |       0 |   0.0
        D:9 |    1476 |       0 |   0.0 |      31 |       0 |   0.0
       D:10 |    1636 |    3440 |  67.8 |      18 |       5 |  21.7
       D:11 |    4231 |    1146 |  21.3 |      24 |      12 |  33.3
     Lair:1 |    1616 |       0 |   0.0 |       9 |       0 |   0.0
            +---------+---------+-------+---------+---------+-------
